 Dungeon Crawl Stone Soup version 0.31-a0-177-g4aa6249778 (webtiles) character file.

Game seed: 2938856925080105124

4177 qw the Cleaver (level 10, -2/64 HPs)
             Began as a Gargoyle Fighter on June 18, 2023.
             Slain by a troll (4 damage)
             ... on level 7 of the Dungeon.
             The game lasted 00:05:08 (7845 turns).

qw the Cleaver (Gargoyle Fighter)                   Turns: 7845, Time: 00:05:09

Health: -2/64      AC: 24    Str: 24    XL:     10   Next: 28%
Magic:  10/10      EV:  7    Int: 12    God:
Gold:   464        SH:  4    Dex:  9    Spells: 9/9 levels left

rFire   . . .        Y - +0 war axe
rCold   + + .        c - +0 buckler
rNeg    + . .        i - +1 plate armour
rPois   inf          n - +0 helmet {Int+3}
rElec   +            (no cloak)
rCorr   .            (no gloves)
SInv    .            e - +0 pair of boots
Will    .....        (no amulet) Stlth
                     k - ring of protection from cold
HPRegen 0.30/turn    p - ring of protection from cold
MPRegen 0.12/turn

%: no passive effects
@: about to teleport
A: sickness immunity, AC +7, negative energy resistance 1, electricity
resistance, torment resistance 1, petrification resistance
a: no special abilities


You were on level 7 of the Dungeon.
You visited 2 branches of the dungeon, and saw 8 of its levels.
You also visited: Sewer.

You collected 464 gold pieces.


Innate Abilities, Weirdness & Mutations

You are immune to sickness and miasma.
Your stone body is resilient. (AC +7)
You are immune to poison.
You resist negative energy. (rN+)
You are resistant to electric shocks. (rElec)
You are resistant to unholy torment.
You are immune to petrification.


   Skills:
 - Level 8.0 Fighting
 + Level 10.1 Axes
 - Level 1.1 Throwing
 - Level 7.1 Armour
 - Level 1.2 Dodging
 - Level 5.0 Shields


You had 9 spell levels left.
You didn't know any spells.
Your spell library was empty.

Inventory:

Hand Weapons
 q - a +0 eveningstar
 Y - a +0 war axe (weapon)
Armour
 c - a +0 buckler (worn)
 e - a +0 pair of boots (worn)
 i - a +1 plate armour (worn)
 n - a +0 helmet of intelligence (worn)
Jewellery
 k - a ring of protection from cold (left hand)
 p - a ring of protection from cold (right hand)
Scrolls
 b - a scroll of teleportation
 l - 4 scrolls of identify
Potions
 a - 2 potions of resistance
 d - a potion of might
 f - 3 potions of magic
 g - a potion of lignification
 h - a potion of mutation
 j - 5 potions of curing
 m - a potion of haste
 r - 4 potions of enlightenment

Dungeon Overview and Level Annotations

Branches:
Dungeon (7/15)             Temple (1/1) D:6           Sewer (visited)

Altars:
Ashenzari
Dithmenos
Elyvilon
Fedhas
Gozag
Hepliaklqana
Kikubaaqudgha
Makhleb
Nemelex Xobeh
Ru
Sif Muna
Uskayaw
Vehumet
Wu Jian
Xom
Yredelemnul
Zin
The Shining One

Shops:
D:7 (


Message History

You slash the troll!
The troll is lightly wounded.
The troll bites you but does no damage. The troll claws you but does no damage.
The troll claws you.
You closely miss the troll.
The troll is lightly wounded.
The troll barely misses you. You block the troll's attack.
The troll claws you but does no damage.
You slash the troll!
The troll is heavily wounded.
The troll bites you but does no damage. The troll claws you.
The troll claws you!
You slash the troll!
The troll is severely wounded.
The troll bites you but does no damage. The troll claws you!
The troll claws you but does no damage.
You barely miss the troll.
The troll is severely wounded.
The troll bites you but does no damage. The troll claws you. x2
You barely miss the troll.
The troll is severely wounded.
The troll bites you but does no damage. You block the troll's attack.
The troll claws you!
You slash the troll!
The troll is almost dead.
The troll bites you! The troll claws you. The troll closely misses you.
7843 ||| READING 2 scrolls of teleportation.
As you read the scroll of teleportation, it crumbles to dust.
You feel strangely unstable. The troll bites you but does no damage.
You block the troll's attack. The troll claws you.
You closely miss the troll.
The troll is severely wounded.
The troll bites you. The troll closely misses you.
The troll claws you but does no damage.
You slash the troll!
The troll is almost dead.
The troll bites you but does no damage. You block the troll's attack.
The troll claws you.
You die...

#'###.)#..#..#..#..
#......#.....#.....
#......#.....#.....
#####################
#....................
#%...................
#.###################
#.#.?....#.....#.....
#.#.@....#.....#..%..
#.#T###..#..#..#..#..
#.#c #..#..#..#..#..
#/#o #...[.#.)...#..
#.#. #.....#.....#..
#.###################
#...##.........## ...
###.............# #.
#.........###.## #.


You could see a troll, a centaur and an orc.

Vanquished Creatures
  A hornet (D:7)
  4 yaks (D:7)
  Menkaure (D:4)
  2 ice beasts (D:6)
  2 sky beasts
  Pargi (D:4)
  2 black bears
  2 ogres (D:5)
  A phantom (D:5)
  2 centaurs
  5 bullfrogs
  4 scorpions
  A gnoll sergeant (D:6)
  5 wights
  3 killer bees (D:6)
  5 hounds
  3 jellies
  4 orc priests
  A gnoll bouda (D:5)
  Ijyb (D:5)
  4 orc wizards
  Natasha (thrice) (D:2)
  4 iguanas
  3 sleepcaps
  Terence (D:2)
  11 gnolls
  13 adders
  4 river rats
  3 shadow imps (D:7)
  2 white imps (D:7)
  3 ufetubi
  A worm (Sewer)
  3 dart slugs
  21 orcs
  11 bats
  8 endoplasms
  6 giant cockroaches
  10 goblins
  8 hobgoblins
  5 jackals
  6 quokkas
  8 ball pythons
  6 frilled lizards
  5 kobolds
  22 rats
221 creatures vanquished.

Notes
Turn   | Place    | Note
-------+----------+-------------------------------------------
     0 | D:1      | qw the Gargoyle Fighter began the quest for the Orb.
     0 | D:1      | Reached XP level 1. HP: 14/14 MP: 1/1
     0 | D:1      | 0 ||| qw: Version: 0.3-a-7-ge0c9b40
     0 | D:1      | 0 ||| qw: Game counter: 859
     0 | D:1      | 0 ||| qw: Always use a shield: true
     0 | D:1      | 0 ||| qw: God list: Okawaru
     0 | D:1      | 0 ||| qw: Allow faded altars: false
     0 | D:1      | 0 ||| qw: Do Orc after D:15 true
     0 | D:1      | 0 ||| qw: Do second Lair branch before Depths: true
     0 | D:1      | 0 ||| qw: Lair rune preference: random
     0 | D:1      | 0 ||| qw: Plans: Normal, Zot:1-4, Slime:5, God:TSO, Crypt,
                  | Tomb, Abyss, Pan, Hells, Win
     0 | D:1      | 0 ||| PLANNING D:1-11
    30 | D:1      | Reached skill level 2 in Axes
   124 | D:1      | Reached XP level 2. HP: 19/19 MP: 2/2
   215 | D:1      | 215 ||| Stepping ~*~*~tactically~*~*~ (stealth).
   217 | D:1      | 217 ||| Stepping ~*~*~tactically~*~*~ (stealth).
   294 | D:1      | Reached skill level 3 in Axes
   402 | D:1      | Reached XP level 3. HP: 23/23 MP: 3/3
   427 | D:1      | 427 ||| UPGRADING to +0 plate armour.
   437 | D:1      | 437 ||| DROPPING +0 scale mail.
   438 | D:1      | 438 ||| UPGRADING to ring of protection from cold.
   439 | D:1      | 439 ||| READING scroll labelled NASYZX UFRYOSU.
   440 | D:1      | 440 ||| READING scroll labelled BALET DAIB.
   441 | D:1      | 441 ||| DRINKING 2 fizzy dark potions.
   564 | D:2      | 564 ||| Stepping ~*~*~tactically~*~*~ (stealth).
   810 | D:2      | Noticed Natasha
   811 | D:2      | 811 ||| Stepping ~*~*~tactically~*~*~ (hiding).
   812 | D:2      | 812 ||| Stepping ~*~*~tactically~*~*~ (hiding).
   819 | D:2      | HP: 3/23 [Natasha (7)]
   820 | D:2      | Killed Natasha
   821 | D:2      | Reached skill level 4 in Axes
   821 | D:2      | Reached XP level 4. HP: 4/28 MP: 4/4
   837 | D:2      | 837 ||| Stepping ~*~*~tactically~*~*~ (stealth).
   939 | D:2      | 939 ||| DROPPING +0 club.
  1027 | D:2      | Noticed Terence
  1046 | D:2      | Killed Terence
  1232 | D:2      | Noticed Natasha
  1233 | D:2      | 1233 ||| Stepping ~*~*~tactically~*~*~ (hiding).
  1243 | D:2      | Killed Natasha
  1244 | D:2      | Reached XP level 5. HP: 16/32 MP: 5/5
  1392 | D:2      | 1392 ||| READING scroll of enchant armour.
  1392 | D:2      | 1392 ||| ENCHANTING +0 plate armour.
  1408 | D:2      | Noticed Natasha
  1427 | D:2      | HP: 7/32 [cerulean imp/+2 spear[Natasha] (5)]
  1428 | D:2      | Killed Natasha
  1590 | D:2      | Reached skill level 5 in Axes
  1687 | D:2      | 1687 ||| UPGRADING to +0 pair of boots.
  1692 | D:2      | 1692 ||| DRINKING 2 fizzy golden potions.
  1693 | D:2      | 1693 ||| DRINKING 2 orange potions.
  1694 | D:2      | 1694 ||| DRINKING 2 viscous black potions.
  1775 | D:3      | Found an ornate altar of the Wu Jian Council.
  1792 | D:3      | 1792 ||| Stepping ~*~*~tactically~*~*~ (stealth).
  1795 | D:3      | 1795 ||| Stepping ~*~*~tactically~*~*~ (hiding).
  1808 | D:3      | 1808 ||| DROPPING +2 whip of freezing.
  1809 | D:3      | 1809 ||| Stepping ~*~*~tactically~*~*~ (stealth).
  1829 | D:3      | 1829 ||| DROPPING +0 heavy mace.
  1978 | D:3      | 1978 ||| DROPPING +0 flail.
  2258 | D:3      | 2258 ||| READING scroll labelled LIDGHU ESEOS.
  2263 | D:3      | 2263 ||| DRINKING 2 fizzy sapphire potions.
  2368 | D:3      | 2368 ||| DROPPING potion of berserk rage.
  2389 | D:4      | 2389 ||| STAIRDANCE
  2487 | D:4      | Reached XP level 6. HP: 38/38 MP: 6/6
  2611 | D:4      | 2611 ||| Stepping ~*~*~tactically~*~*~ (stealth).
  2614 | D:4      | 2614 ||| Stepping ~*~*~tactically~*~*~ (stealth).
  2615 | D:4      | 2615 ||| Stepping ~*~*~tactically~*~*~ (stealth).
  2617 | D:4      | 2617 ||| Stepping ~*~*~tactically~*~*~ (hiding).
  2619 | D:4      | 2619 ||| Stepping ~*~*~tactically~*~*~ (hiding).
  2622 | D:4      | 2622 ||| Stepping ~*~*~tactically~*~*~ (hiding).
  2623 | D:4      | 2623 ||| Stepping ~*~*~tactically~*~*~ (hiding).
  2624 | D:4      | 2624 ||| Stepping ~*~*~tactically~*~*~ (hiding).
  2639 | D:4      | 2639 ||| Stepping ~*~*~tactically~*~*~ (stealth).
  2828 | D:4      | Noticed Menkaure
  2829 | D:4      | 2829 ||| FLEEEEING.
  2830 | D:4      | 2830 ||| FLEEEEING.
  2831 | D:4      | 2831 ||| FLEEEEING.
  2848 | D:4      | 2848 ||| Stepping ~*~*~tactically~*~*~ (hiding).
  2856 | D:4      | HP: 9/38 [Menkaure/nerve-wracking pain (5)]
  2857 | D:4      | 2857 ||| DRINKING potion of heal wounds.
  2858 | D:4      | Killed Menkaure
  2859 | D:4      | Reached skill level 6 in Axes
  2859 | D:4      | Reached XP level 7. HP: 21/43 MP: 7/7
  3400 | D:4      | Noticed Pargi
  3425 | D:4      | Killed Pargi
  3844 | D:4      | 3844 ||| READING scroll labelled ULELIR CULA.
  3845 | D:4      | 3845 ||| READING scroll labelled XIKHLAG QOBRE.
  3870 | D:5      | Entered Level 5 of the Dungeon
  3870 | D:5      | Noticed Ijyb
  3880 | D:5      | Killed Ijyb
  3995 | D:5      | Reached skill level 7 in Axes
  4058 | D:5      | 4058 ||| Stepping ~*~*~tactically~*~*~ (hiding).
  4178 | D:5      | 4178 ||| Stepping ~*~*~tactically~*~*~ (hiding).
  4179 | D:5      | 4179 ||| Stepping ~*~*~tactically~*~*~ (hiding).
  4181 | D:5      | 4181 ||| Stepping ~*~*~tactically~*~*~ (hiding).
  4184 | D:5      | 4184 ||| Stepping ~*~*~tactically~*~*~ (hiding).
  4194 | D:5      | Reached XP level 8. HP: 17/50 MP: 8/8
  4196 | D:5      | Reached skill level 1 in Dodging
  4328 | D:5      | 4328 ||| Stepping ~*~*~tactically~*~*~ (hiding).
  4534 | D:5      | 4534 ||| Stepping ~*~*~tactically~*~*~ (stealth).
  4539 | D:5      | 4539 ||| Stepping ~*~*~tactically~*~*~ (hiding).
  4548 | D:5      | Reached skill level 1 in Throwing
  4612 | D:5      | 4612 ||| Stepping ~*~*~tactically~*~*~ (stealth).
  4656 | D:5      | 4656 ||| Stepping ~*~*~tactically~*~*~ (stealth).
  4693 | D:5      | 4693 ||| Stepping ~*~*~tactically~*~*~ (stealth).
  4694 | D:5      | 4694 ||| Stepping ~*~*~tactically~*~*~ (stealth).
  4804 | D:5      | 4804 ||| Stepping ~*~*~tactically~*~*~ (stealth).
  4897 | D:5      | 4897 ||| Stepping ~*~*~tactically~*~*~ (hiding).
  4900 | D:5      | 4900 ||| Stepping ~*~*~tactically~*~*~ (hiding).
  4901 | D:5      | 4901 ||| Stepping ~*~*~tactically~*~*~ (hiding).
  4916 | D:5      | 4916 ||| FLEEEEING.
  4917 | D:5      | 4917 ||| FLEEEEING.
  4918 | D:5      | 4918 ||| FLEEEEING.
  4919 | D:5      | 4919 ||| FLEEEEING.
  4920 | D:5      | 4920 ||| FLEEEEING.
  4921 | D:5      | 4921 ||| FLEEEEING.
  4922 | D:5      | 4922 ||| FLEEEEING.
  4923 | D:5      | 4923 ||| FLEEEEING.
  4929 | D:5      | 4929 ||| FLEEEEING.
  4930 | D:5      | 4930 ||| FLEEEEING.
  4951 | D:5      | Reached skill level 8 in Axes
  5125 | D:5      | Reached skill level 6 in Fighting
  5366 | D:5      | Reached XP level 9. HP: 55/55 MP: 9/9
  5634 | D:5      | 5634 ||| UPGRADING to ring of protection from cold.
  5635 | D:5      | 5635 ||| READING scroll labelled ARIMMY YKELO.
  5635 | D:5      | Identified a scroll of acquirement
  5635 | D:5      | 5635 ||| ACQUIRING +0 helmet of intelligence
  5635 | D:5      | Acquired a +0 helmet of intelligence
  5637 | D:5      | 5637 ||| UPGRADING to +0 helmet of intelligence.
  5642 | D:5      | 5642 ||| READING scroll labelled DENUBL RASU.
  5643 | D:5      | 5643 ||| READING 2 scrolls of identify.
  5643 | D:5      | 5643 ||| IDENTIFYING grey potion
  5671 | D:6      | 5671 ||| PLANNING SEWER
  5679 | D:6      | Reached skill level 9 in Axes
  5682 | D:6      | 5682 ||| Stepping ~*~*~tactically~*~*~ (stealth).
  5759 | D:6      | 5759 ||| FLEEEEING.
  5760 | D:6      | 5760 ||| FLEEEEING.
  5761 | D:6      | 5761 ||| FLEEEEING.
  5762 | D:6      | 5762 ||| FLEEEEING.
  5763 | D:6      | 5763 ||| FLEEEEING.
  5764 | D:6      | 5764 ||| STAIRDANCE
  5789 | D:6      | 5789 ||| STAIRDANCE
  5903 | D:6      | Found a staircase to the Ecumenical Temple.
  5905 | D:6      | 5905 ||| Stepping ~*~*~tactically~*~*~ (stealth).
  5909 | D:6      | 5909 ||| Stepping ~*~*~tactically~*~*~ (stealth).
  5924 | D:6      | 5924 ||| Stepping ~*~*~tactically~*~*~ (hiding).
  5925 | D:6      | 5925 ||| Stepping ~*~*~tactically~*~*~ (hiding).
  5942 | D:6      | Reached skill level 6 in Armour
  6091 | D:6      | Found a glowing drain.
  6125 | Sewer    | Entered a sewer
  6402 | Sewer    | 6402 ||| Stepping ~*~*~tactically~*~*~ (water).
  6515 | Sewer    | 6515 ||| DROPPING potion of degeneration.
  6569 | D:6      | 6569 ||| PLANNING TEMPLE
  6593 | Temple   | Entered the Ecumenical Temple
  6706 | Temple   | 6706 ||| PLANNING D:1-11
  6945 | D:6      | Found a sparkling altar of Nemelex Xobeh.
  6946 | D:6      | Found a shimmering blue altar of Sif Muna.
  6947 | D:6      | 6947 ||| Stepping ~*~*~tactically~*~*~ (hiding).
  6948 | D:6      | 6948 ||| Stepping ~*~*~tactically~*~*~ (hiding).
  7014 | D:6      | Found an ancient bone altar of Kikubaaqudgha.
  7182 | D:6      | 7182 ||| READING scroll labelled GEMUSOG TOOG.
  7183 | D:6      | 7183 ||| READING 2 scrolls of identify.
  7183 | D:6      | 7183 ||| IDENTIFYING gluggy clear potion
  7220 | D:7      | Found Loplad's Weapon Shoppe.
  7224 | D:7      | 7224 ||| Stepping ~*~*~tactically~*~*~ (hiding).
  7359 | D:7      | Reached skill level 10 in Axes
  7371 | D:7      | Reached XP level 10. HP: 51/64 MP: 10/10
  7433 | D:7      | 7433 ||| Stepping ~*~*~tactically~*~*~ (hiding).
  7445 | D:7      | 7445 ||| Stepping ~*~*~tactically~*~*~ (hiding).
  7513 | D:7      | 7513 ||| Stepping ~*~*~tactically~*~*~ (hiding).
  7581 | D:7      | 7581 ||| Stepping ~*~*~tactically~*~*~ (stealth).
  7667 | D:7      | 7667 ||| Stepping ~*~*~tactically~*~*~ (stealth).
  7668 | D:7      | 7668 ||| Stepping ~*~*~tactically~*~*~ (stealth).
  7670 | D:7      | 7670 ||| Stepping ~*~*~tactically~*~*~ (hiding).
  7673 | D:7      | 7673 ||| Stepping ~*~*~tactically~*~*~ (hiding).
  7674 | D:7      | 7674 ||| Stepping ~*~*~tactically~*~*~ (hiding).
  7712 | D:7      | 7712 ||| Stepping ~*~*~tactically~*~*~ (stealth).
  7759 | D:7      | 7759 ||| Stepping ~*~*~tactically~*~*~ (hiding).
  7769 | D:7      | 7769 ||| FLEEEEING.
  7771 | D:7      | 7771 ||| FLEEEEING.
  7772 | D:7      | 7772 ||| FLEEEEING.
  7842 | D:7      | HP: 13/64 [troll (7)]
  7843 | D:7      | 7843 ||| READING 2 scrolls of teleportation.
  7844 | D:7      | HP: 1/64 [troll (6)]
  7845 | D:7      | Slain by a troll

Levels and vault maps discovered:
D:1:      minmay_arrival_plants_in_alcoves, layout_rooms
D:2:      layout_basic, minmay_rat_hole, uniq_terence, uniq_natasha
D:3:      layout_basic, nicolae_wu_jian_wuxing_cycle
D:4:      layout_layer_cave, uniq_pargi, uniq_menkaure
D:5:      minmay_thinvault, layout_basic, uniq_ijyb
D:6:      layout_rooms, grunt_temple_overflow_open, minmay_temple_entry_waves,
          portal_sewer_entry_c, kennysheep_generic_room_13
D:7:      kennysheep_windowed_halls, layout_rooms, serial_shops, shop
Temple:   nicolae_temple_two_arcs

Skill      XL: |  1  2  3  4  5  6  7  8  9 10 |
---------------+-------------------------------+-----
Axes           | 2 3 4 5 6 7 8 10 | 10.1
Fighting       | 4 5 6 8 |  8.0
Armour         | 4 5 6 7 |  7.1
Dodging        | 1 |  1.2
Throwing       | 1 |  1.1
Shields        | 4 5 |  5.0

Action                     |  1- 3 |  4- 6 |  7- 9 | 10-12 || total
---------------------------+-------+-------+-------+-------++-------
  Melee: War axe           |   101 |   158 |   447 |   109 ||   815
  Throw: Boomerang         |       |    28 |    35 |       ||    63
    Use: Scroll            |     2 |     2 |     7 |     1 ||    12
         Potion            |     1 |     5 |       |       ||     6
 Armour: Scale mail        |    28 |       |       |       ||    28
         Plate armour      |    29 |   118 |   370 |    86 ||   603
  Dodge: Dodged            |    47 |    30 |   191 |    22 ||   290
  Block: Buckler           |    17 |    25 |   121 |    14 ||   177

Table legend:
 A = Non-vault XP
 B = Vault XP
 C = Vault XP percentage of total XP
 D = Non-vault monster count
 E = Vault monster count
 F = Vault count percentage of total count
                 A         B        C        D         E       F
            +---------+---------+-------+---------+---------+-------
      Total |    4065 |    1903 |  31.9 |     133 |      88 |  39.8
            +---------+---------+-------+---------+---------+-------
        D:1 |      36 |       0 |   0.0 |      22 |       0 |   0.0
        D:2 |     122 |      87 |  41.6 |      18 |      21 |  53.8
        D:3 |      70 |       0 |   0.0 |      12 |       0 |   0.0
        D:4 |     257 |     295 |  53.4 |      16 |       2 |  11.1
        D:5 |    1230 |     633 |  34.0 |      32 |      14 |  30.4
        D:6 |    1160 |      44 |   3.7 |      20 |       6 |  23.1
        D:7 |    1190 |     700 |  37.0 |      13 |      16 |  55.2
      Sewer |       0 |     144 | 100.0 |       0 |      29 | 100.0
            +---------+---------+-------+---------+---------+-------
